 Dungeon Crawl Stone Soup version 0.21-a0-401-g0b6bec4 (webtiles) character file.

56 Mitsuki the Magician (level 3, -2/24 HPs)
             Began as a Demonspawn Wizard on Oct 25, 2017.
             Slain by a hobgoblin
             ... wielding a +0 club
             ... led by Robin
              (9 damage)
             ... on level 1 of the Dungeon.
             The game lasted 00:02:56 (1847 turns).

Mitsuki the Magician (Demonspawn Wizard)            Turns: 1847, Time: 00:02:56

Health: -2/24      AC:  2    Str:  7    XL:     3   Next: 69%
Magic:  0/8        EV: 12    Int: 20    God:
Gold:   43         SH:  0    Dex: 11    Spells: 0/9 levels left

rFire    . . .     SeeInvis .   e - +0 dagger
rCold    . . .     Gourm    .   (no shield)
rNeg     . . .     Faith    .   a - +0 robe
rPois    .         Spirit   .   b - +0 hat
rElec    .         Reflect  .   (no cloak)
rCorr    .         Harm     .   (no gloves)
MR       .....                  (no boots)
Stlth    +.........             (no amulet)
HPRegen  0.08/turn              (no ring)
MPRegen  0.11/turn              (no ring)

@: no status effects
A: hooves 1
a: no special abilities


You were on level 1 of the Dungeon.
You were hungry.

You visited 1 branch of the dungeon, and saw 2 of its levels.

You collected 43 gold pieces.

Inventory:

Hand Weapons
 e - a +0 dagger (weapon)
Armour
 a - a +0 robe (worn)
 b - a +0 hat (worn)
Scrolls
 g - a scroll of identify
 i - a scroll of magic mapping
Potions
 f - a potion of brilliance {unknown}
 k - a potion of lignification {unknown}
 l - a potion of curing {unknown}
Books
 c - a book of Minor Magic

   Spells                             Type                      Level
   a - Magic Dart                     Conjuration                  1
   b - Blink                          Translocation                2
   c - Call Imp                       Summoning                    2
   d - Slow                           Hexes                        2
   e - Conjure Flame                  Conjuration/Fire             3
   f - Mephitic Cloud                 Conjuration/Poison/Air       3
Comestibles
 d - 2 bread rations


   Skills:
 - Level 1.7 Dodging
 - Level 1.7 Stealth
 + Level 3.8 Spellcasting
 + Level 2.6 Conjurations
   Level 1.0 Summonings
 - Level 0.8 Translocations


You couldn't memorise any spells.
You knew the following spells:

 Your Spells              Type           Power        Failure   Level  Hunger
a - Magic Dart            Conj           ##..         4%          1    None
b - Blink                 Tloc           N/A          14%         2    ##.....
c - Conjure Flame         Conj/Fire      #.......     22%         3    ###....
d - Mephitic Cloud        Conj/Pois/Air  #.......     26%         3    ###....


Dungeon Overview and Level Annotations

Branches:
Dungeon (2/15)

Altars:

Annotations:
D:2 Robin


Innate Abilities, Weirdness & Mutations

You have large cloven feet.


Message History

Casting: Magic Dart
Confirm with . or Enter, or press ? or * to list all spells.
Aiming: Magic Dart
Press: ? - help, Shift-Dir - straight line, f/p - hobgoblin
Aim: a hobgoblin, wielding a club (lightly wounded, unusually strong)
The magic dart hits the hobgoblin.
The hobgoblin is lightly wounded.
* * * LOW MAGIC WARNING * * *
The hobgoblin closely misses you.
You now have 1/8 mp.
Casting: Magic Dart
Confirm with . or Enter, or press ? or * to list all spells.
Aiming: Magic Dart
Press: ? - help, Shift-Dir - straight line, f/p - hobgoblin
Aim: a hobgoblin, wielding a club (lightly wounded, unusually strong)
The magic dart hits the hobgoblin.
The hobgoblin is lightly wounded.
* * * LOW MAGIC WARNING * * *
The hobgoblin hits you with a club!
You die...

#.......##################
###......>####.#...........#
.##.......'....#.#########.#
.##.......####.#.# #.#
.#.............#.# #.#
.##########....#.# #.#
.#...........#.#.# #.#
.#.###########.#=# #.#
.#.............#@# #.#
.....)..##.....#g# #.#
........##.##.##.#########.##
.........#.#................#
...........#..##.############
...........#......#
.####......#...#..# .#
#..♣...#...#..#
.#####...P.....#..#


You could see a hobgoblin.

Vanquished Creatures
  An adder (D:1)
  3 dart slugs (D:1)
  A leopard gecko (D:1)
  2 bats (D:1)
  2 giant cockroaches (D:1)
  12 goblins (D:1)
  6 hobgoblins (D:1)
  2 jackals (D:1)
  A kobold (D:1)
  3 rats (D:1)
33 creatures vanquished.

Notes
Turn   | Place    | Note
-------+----------+-------------------------------------------
     0 | D:1      | Mitsuki the Demonspawn Wizard began the quest for the Orb.
     0 | D:1      | Reached XP level 1. HP: 13/13 MP: 4/4
   145 | D:1      | Gained mutation: You have large cloven feet. [demonic ancestry]
   145 | D:1      | Reached XP level 2. HP: 4/19 MP: 0/6
   543 | D:1      | Learned a level 2 spell: Blink
   945 | D:1      | Reached XP level 3. HP: 24/24 MP: 2/8
   950 | D:1      | Learned a level 3 spell: Conjure Flame
   954 | D:1      | Learned a level 3 spell: Mephitic Cloud
  1307 | D:2      | Noticed Robin
  1847 | D:1      | Slain by a hobgoblin

Vault maps used:
D:1:      zaba_arrival_water, serial_park_tiny_2, fountainhead, minivault_5
D:2:      first_bread, uniq_robin

Skill      XL: |  1  2 |
---------------+-------+-----
Conjurations   | 2 |  2.6
Dodging        | |  1.7
Stealth        | |  1.7
Spellcasting   | |  3.8
Summonings     | |  1.0
Translocations | |  0.8

Action                   || total
-------------------------++-------
Melee: Dagger            ||    42
       Kick              ||     1
 Cast: Magic Dart        ||    69
  Use: Scroll            ||     3
  Eat: Chunk             ||     2
Armor: Robe              ||     9
Dodge: Dodged            ||    63

Table legend:
 A = Spawn XP
 B = Non-spawn XP
 C = Spawn XP percentage of total XP
 D = Spawn monster count
 E = Non-spawn monster count
 F = Spawn count percentage of total count
 G = Total turns spent on level
                    A         B        C        D         E        F      G
               +---------+---------+-------+---------+---------+-------+---------
         Total |       0 |      80 |   0.0 |       0 |      33 |   0.0 |  1847
               +---------+---------+-------+---------+---------+-------+---------
           D:1 |       0 |      80 |   0.0 |       0 |      33 |   0.0 |  1837
               +---------+---------+-------+---------+---------+-------+---------
